 Dungeon Crawl Stone Soup version 0.29-a0-565-g7a16c6de65 (webtiles) character file.

Game seed: 5943759413885044918

13513 ryzyn the Covert (level 11, -8/55 HPs)
             Began as a Spriggan Enchanter on June 11, 2022.
             Was an Elder of Dithmenos.
             Mangled by Jorgrun
             ... wielding a +0 vorpal quarterstaff
              (14 damage)
             ... on level 12 of the Dungeon.
             The game lasted 00:28:57 (11288 turns).

ryzyn the Covert (Spriggan Enchanter)              Turns: 11288, Time: 00:28:58

Health: -8/55      AC: 15    Str:  6    XL:     11   Next: 76%
Magic:  22/24      EV: 21    Int: 18    God:    Dithmenos [****..]
Gold:   538        SH:  0    Dex: 21    Spells: 22/33 levels left

rFire   + . .      SeeInvis +   v - +5 dagger (venom)
rCold   . . .      Faith    .   (no shield)
rNeg    + . .      Spirit   .   C - +0 robe of Sussi {rF+ Dex+4 Stlth+}
rPois   .          Reflect  .   z - +2 hat "Lirum" {Int+2 Stlth+}
rElec   .          Harm     .   m - +2 cloak
rCorr   .          Rampage  .   (gloves unavailable)
Will    +....                   (boots unavailable) Stlth **++++++++
                                B - amulet of regeneration
HPRegen 0.98/turn               y - ring "Oqopyfao" {rN+ AC+4}
MPRegen 0.19/turn               s - +4 ring of protection

@: mighty, confusing by touch, grasped by roots, wreathed by umbra, constricted,
unable to read, very quick
A: very small, no large weapons, unfitting armour, see invisible, speed 3, low
MP 1, mutation resistance 1, sense surroundings 1, weak 1, no potion heal 1,
inability to read while threatened
a: Renounce Religion, Shadow Step


You were on level 12 of the Dungeon.
You worshipped Dithmenos.
Dithmenos was greatly pleased with you.
You visited 2 branches of the dungeon, and saw 13 of its levels.

You collected 725 gold pieces.
You spent 187 gold pieces at shops.

Inventory:

Hand Weapons
 a - a +3 dagger
 v - a +5 dagger of venom (weapon)
Missiles
 g - 6 poisoned darts (quivered)
 E - 4 throwing nets
Armour
 b - a +1 robe
 m - a +2 cloak (worn)
 z - the +2 hat "Lirum" (worn) {Int+2 Stlth+}
   (You acquired it on level 4 of the Dungeon)

   Int:       It affects your intelligence (+2).
   Stlth:     It makes you more stealthy.
 C - the +0 robe of Sussi (worn) {rF+ Dex+4 Stlth+}
   (You found it on level 6 of the Dungeon)

   Dex:       It affects your dexterity (+4).
   rF:        It protects you from fire.
   Stlth:     It makes you more stealthy.
Jewellery
 i - a ring of protection from fire
 j - the ring of Aptus {rElec Dex+6}
   (You took it off a goblin on level 2 of the Dungeon)

   [ring of dexterity]

   Dex:       It affects your dexterity (+6).
   rElec:     It insulates you from electricity.
 s - a +4 ring of protection (right hand)
 y - the ring "Oqopyfao" (left hand) {rN+ AC+4}
   (You took it off an orc on level 4 of the Dungeon)

   [ring of protection]

   AC:        It affects your AC (+4).
   rN:        It protects you from negative energy.
 B - an amulet of regeneration (around neck)
 F - a +4 ring of evasion
 H - an amulet of the acrobat
Wands
 k - a wand of flame (40)
 l - a wand of acid (17)
 n - a wand of mindburst (9)
 t - a wand of paralysis (6)
 w - a wand of iceblast (4)
 D - a wand of polymorph (14)
Scrolls
 e - 3 scrolls of fear
 h - a scroll of magic mapping
 p - 8 scrolls of teleportation
 x - 6 scrolls of identify
 G - a scroll of summoning
 I - 2 scrolls of amnesia
 J - a scroll of poison
 K - a scroll of blinking
 M - a scroll of enchant armour
 N - a scroll of fog
Potions
 c - a potion of resistance
 d - 5 potions of lignification
 f - 3 potions of heal wounds
 o - 2 potions of flight
 q - a potion of brilliance
 r - 3 potions of haste
 u - 3 potions of curing
 A - a potion of ambrosia
Miscellaneous
 O - a lightning rod (4/4)


   Skills:
 + Level 5.0 Fighting
 + Level 6.8 Short Blades
 + Level 8.5 Dodging
 + Level 14.0 Stealth
 + Level 11.5 Spellcasting
 + Level 11.9 Hexes


You had 22 spell levels left.
You knew the following spells:

 Your Spells              Type           Power      Damage    Failure   Level
a - Ensorcelled Hibernat  Hex/Ice        62%        N/A       1%          2
b - Tukima's Dance        Hex            52%        N/A       1%          3
c - Dazzling Flash        Conj/Hex       62%        N/A       1%          3
d - Confusing Touch       Hex            52%        N/A       1%          3

Your spell library contained the following spells:

 Spells                   Type           Power      Damage    Failure   Level
 Slow                     Hex            100%       N/A       1%          1
 Poisonous Vapours        Pois/Air       20%        N/A       11%         2
 Static Discharge         Conj/Air       10%        N/A       11%         2
 Sublimation of Blood     Necr           10%        N/A       11%         2
 Wereblood                Tmut           10%        N/A       11%         2
 Metabolic Englaciation   Hex/Ice        15%        N/A       16%         5
 Yara's Violent Unravell  Hex/Tmut       15%        3d8       16%         5
 Frozen Ramparts          Ice            20%        1d4       21%         3
 Gell's Gravitas          Tloc           10%        N/A       21%         3
 Lesser Beckoning         Tloc           10%        N/A       21%         3
 Teleport Other           Tloc           10%        N/A       21%         3
 Vampiric Draining        Necr           10%        2d6       21%         3
 Enfeeble                 Hex            26%        N/A       41%         7
 Corpse Rot               Necr/Pois/Air  10%        N/A       56%         4
 Hailstorm                Conj/Ice       10%        3d5       56%         4
 Ice Form                 Ice/Tmut       10%        N/A       56%         4
 Petrify                  Tmut/Erth      10%        N/A       56%         4
 Summon Ice Beast         Ice/Summ       10%        N/A       56%         4
 Lightning Bolt           Conj/Air       5%         1d17      88%         5
 Simulacrum               Ice/Necr       5%         N/A       100%        6
 Statue Form              Tmut/Erth      6%         N/A       100%        6
 Malign Gateway           Summ/Tloc      5%         N/A       100%        7
 Summon Hydra             Summ           5%         N/A       100%        7
 Maxwell's Capacitive Co  Air            5%         ∞         100%        8
 Summon Horrible Things   Summ           5%         N/A       100%        8


Dungeon Overview and Level Annotations

Branches:
Dungeon (12/15)            Temple (1/1) D:4            Lair (0/6) D:8
    Orc (0/2) D:11

Altars:
Ashenzari
Cheibriados
Dithmenos
Elyvilon
Fedhas
Gozag
Hepliaklqana
Kikubaaqudgha
Makhleb
Nemelex Xobeh
Okawaru
Qazlal
Ru
Sif Muna
Trog
Uskayaw
Vehumet
Wu Jian
Xom
Yredelemnul
Zin
The Shining One
Beogh

Shops:
D:1 [   D:3 =**?

Annotations:
D:11 3 runed translucent doors, Heedrag's ghost, journeyman DsCj
D:12 Jorgrun


Innate Abilities, Weirdness & Mutations

You are very small and have problems with some larger weapons.
You are too small for most types of armour.
You have supernaturally acute eyesight. (SInv)
You cover ground extremely quickly. (Speed+++)
Your magical capacity is low. (-10% MP)
You are somewhat resistant to further mutation.
You passively map a small area around you.
You are weak. (Str -2)
Potions are less effective at restoring your health.
You sometimes lose the ability to read scrolls when taking damage.


Message History

Your hands begin to glow red.
Jorgrun misses you. The grasping roots constrict you!
You feel threatened and lose the ability to read scrolls!
You hit Jorgrun but do no damage.
Jorgrun hits you with a +0 vorpal quarterstaff.
The grasping roots constrict you.
You are too injured to fight recklessly!
You are too injured to fight recklessly!
You are too injured to fight recklessly!
You are too injured to fight recklessly!
You hit Jorgrun but do no damage.
You can read scrolls again.
You hit Jorgrun but do no damage. Jorgrun hits you but does no damage.
The grasping roots constrict you!
You hit Jorgrun but do no damage.
Jorgrun gestures next to you while chanting.
The wall shatters!
The blast of rock fragments hits you but does no damage.
The grasping roots constrict you.
Your system partially rejects the healing.
You feel much better. Jorgrun casts a spell at you.
You easily resist.
The grasping roots constrict you.
You feel threatened and lose the ability to read scrolls!
You feel very mighty all of a sudden.
You can read scrolls again.
Jorgrun hits you but does no damage. The grasping roots constrict you!
You feel threatened and lose the ability to read scrolls!
Unknown command.
Unknown command.
You hit Jorgrun but do no damage. You miss Jorgrun.
Jorgrun hits you with a +0 vorpal quarterstaff.
* * * LOW HITPOINT WARNING * * *
The grasping roots constrict you!
* * * LOW HITPOINT WARNING * * *
You hit Jorgrun but do no damage.
Jorgrun is lightly wounded.
Jorgrun hits you with a +0 vorpal quarterstaff!
You die...

, , * * ... ,
, , ... * ,
,, ..., , , *
*#.# , #.#
#.# ** #g# ,
#@# *
######.##
#.......### ,
#............
,
#.......####.
, , #.......#
* , #.......#
, #.......# ,
#.......# ,


You could see Jorgrun (poisoned).

Vanquished Creatures
  4 two-headed ogres
  The ghost of haldagan the Archer, a journeyman DEAM of Cheibriados (D:10)
  An orc knight (D:11)
  A cyclops (D:9)
  A manticore (D:12)
  Maurice (D:12)
  A gargoyle (D:11)
  Psyche (D:12)
  2 komodo dragons (D:8)
  A kobold demonologist (D:12)
  2 trolls
  Grinder (D:3)
  2 hornets
  A shadow (D:10)
  A wyvern (D:11)
  A wraith (D:12)
  7 yaks
  A steam dragon (D:8)
  4 vampire mosquitoes (D:10)
  An acid dragon (D:12)
  An ice beast (D:6)
  4 black bears
  7 orc warriors
  A sky beast (D:6)
  An ogre (D:5)
  8 centaurs
  5 bullfrogs
  A necrophage (D:6)
  4 scorpions
  A gnoll sergeant (D:8)
  2 wights
  8 killer bees (D:9)
  A howler monkey (D:10)
  6 hounds
  2 jellies
  6 orc priests
  2 gnoll shamans
  2 iguanas
  Ijyb (D:3)
  Crazy Yiuf (D:3)
  Natasha (thrice) (D:2)
  8 orc wizards
  19 gnolls
  5 adders
  2 white imps
  An ufetubus (D:6)
  7 worms
  2 dart slugs
  38 orcs
  2 ball pythons
  7 endoplasms
  3 giant cockroaches
  A goblin (D:2)
  6 hobgoblins
  5 quokkas
  5 bats
  3 frilled lizards
  4 kobolds
  2 rats
222 creatures vanquished.

Vanquished Creatures (collateral kills)
  An orc warrior (D:11)
  A wight (D:8)
  An iguana (D:5)
  A gnoll (D:7)
  4 orcs
8 creatures vanquished.

Vanquished Creatures (others)
  2 dancing weapons
  43 fungi (D:8)
  46 plants (D:8)
91 creatures vanquished.

Grand Total: 321 creatures vanquished

Notes
Turn   | Place    | Note
-------+----------+-------------------------------------------
     0 | D:1      | ryzyn the Spriggan Enchanter began the quest for the Orb.
     0 | D:1      | Reached XP level 1. HP: 9/9 MP: 5/5
    86 | D:1      | Found Isitic's Armour Shoppe.
   232 | D:1      | Reached XP level 2. HP: 13/13 MP: 7/7
   235 | D:1      | Learned a level 2 spell: Ensorcelled Hibernation
   534 | D:2      | Noticed Natasha
   643 | D:2      | Noticed a crimson imp
   691 | D:2      | Killed Natasha
   692 | D:2      | Reached XP level 3. HP: 12/16 MP: 6/9
   766 | D:2      | Learned a level 3 spell: Tukima's Dance
   770 | D:2      | Learned a level 3 spell: Confusing Touch
  1272 | D:2      | Reached skill level 5 in Hexes
  1272 | D:2      | Reached XP level 4. HP: 7/21 MP: 3/11
  1623 | D:2      | Noticed Natasha
  1646 | D:2      | Killed Natasha
  1767 | D:2      | Noticed Natasha
  1919 | D:2      | Identified the ring of Aptus {rElec Dex+6}
  2302 | D:2      | Killed Natasha
  2303 | D:2      | Reached skill level 5 in Spellcasting
  2303 | D:2      | Reached XP level 5. HP: 20/24 MP: 5/13
  2591 | D:3      | Found a runed translucent door.
  2592 | D:3      | Noticed Crazy Yiuf
  2599 | D:3      | Killed Crazy Yiuf
  2694 | D:3      | Found Keiwarei's Magic Scroll Shoppe.
  2697 | D:3      | Bought a scroll of magic mapping for 38 gold pieces
  2697 | D:3      | Bought a scroll of noise for 11 gold pieces
  2697 | D:3      | Bought a scroll of identify for 22 gold pieces
  2701 | D:3      | Gained mutation: You are strong-willed. (Will+) [potion of
                  | mutation]
  2701 | D:3      | Gained mutation: You have hidden genetic defects. [potion
                  | of mutation]
  2701 | D:3      | Gained mutation: You have sharp toenails. [potion of
                  | mutation]
  2701 | D:3      | Gained mutation: You are highly strong-willed. (Will++)
                  | [potion of mutation]
  2830 | D:3      | Gained mutation: You are weak. (Str -2) [hidden defects]
  2970 | D:3      | Reached skill level 5 in Stealth
  3068 | D:3      | Lost mutation: You are weak. (Str -2) [potion of mutation]
  3068 | D:3      | Lost mutation: You are highly strong-willed. (Will++)
                  | [potion of mutation]
  3068 | D:3      | Gained mutation: You possess an exceptional clarity of
                  | mind. [potion of mutation]
  3068 | D:3      | Gained mutation: You are partially covered in iridescent
                  | scales. (AC +2) [potion of mutation]
  3068 | D:3      | Lost mutation: You are partially covered in iridescent
                  | scales. (AC +2) [potion of mutation]
  3068 | D:3      | Gained mutation: You have razor-sharp toenails. [potion of
                  | mutation]
  3139 | D:3      | Found Boliab's Assorted Antiques.
  3148 | D:3      | Bought a fuming blue potion for 22 gold pieces
  3195 | D:3      | Found Finif's Jewellery Shop.
  3220 | D:3      | Noticed Ijyb
  3232 | D:3      | Killed Ijyb
  3238 | D:3      | Gained mutation: You have terrible hidden genetic defects.
                  | [hidden defects]
  3238 | D:3      | Lost mutation: You have terrible hidden genetic defects.
                  | [hidden defects expressed]
  3541 | D:3      | Found Hitott's Assorted Antiques.
  3545 | D:3      | Bought a bubbling grey potion for 22 gold pieces
  3823 | D:3      | Bought a fuming coppery potion for 22 gold pieces
  3856 | D:3      | Reached XP level 6. HP: 28/28 MP: 15/15
  3873 | D:3      | Gained mutation: You have terrible hidden genetic defects.
                  | [hidden defects]
  3903 | D:3      | Noticed Grinder
  3912 | D:3      | Killed Grinder
  3913 | D:3      | Reached skill level 6 in Stealth
  3940 | D:3      | Lost mutation: You possess an exceptional clarity of mind.
                  | [hidden defects]
  3940 | D:3      | Lost mutation: You have terrible hidden genetic defects.
                  | [hidden defects expressed]
  4111 | D:4      | Found a staircase to the Ecumenical Temple.
  4120 | D:4      | Reached XP level 7. HP: 32/32 MP: 10/17
  4126 | Temple   | Entered the Ecumenical Temple
  4270 | Temple   | Became a worshipper of Dithmenos the Shadowed
  4745 | D:4      | Identified the ring "Oqopyfao" {rN+ AC+4}
  4804 | D:4      | Found a stormy altar of Qazlal.
  4823 | D:4      | Identified a scroll of acquirement
  4823 | D:4      | Acquired the +2 hat "Lirum" {Int+2 Stlth+}
  4985 | D:3      | Bought a scroll labelled UCRIUS CAUN for 25 gold pieces
  4985 | D:3      | Bought a scroll labelled WYX PEDU LOLUY for 25 gold pieces
  5011 | D:5      | Entered Level 5 of the Dungeon
  5023 | D:5      | Learned a level 3 spell: Dazzling Flash
  5056 | D:5      | Gained mutation: Your magical capacity is low. (-10% MP)
                  | [hidden defects]
  5186 | D:5      | Reached skill level 7 in Stealth
  5401 | D:5      | Gained mutation: You are clumsy. (Dex -2) [hidden defects]
  5401 | D:5      | Lost mutation: You have hidden genetic defects. [hidden
                  | defects expressed]
  6018 | D:6      | Reached skill level 8 in Stealth
  6060 | D:6      | Reached XP level 8. HP: 36/36 MP: 18/18
  6116 | D:6      | Identified the +0 robe of Sussi {rF+ Dex+4 Stlth+}
  6154 | D:6      | You fall into a shaft and drop 1 floor!
  6201 | D:7      | Reached skill level 9 in Stealth
  6213 | D:7      | Reached * piety under Dithmenos
  6334 | D:7      | Noticed a hornet
  6351 | D:7      | Killed a hornet
  6388 | D:7      | Identified the +0 robe "Nuxzab" {rF++ Int+3 Slay-5 Stlth+}
  6522 | D:6      | Reached skill level 10 in Stealth
  6967 | D:6      | Reached XP level 9. HP: 39/39 MP: 18/20
  7207 | D:7      | Lost mutation: You are clumsy. (Dex -2) [potion of
                  | mutation]
  7207 | D:7      | Lost mutation: You have razor-sharp toenails. [potion of
                  | mutation]
  7207 | D:7      | Lost mutation: Your magical capacity is low. (-10% MP)
                  | [potion of mutation]
  7207 | D:7      | Gained mutation: Your magical capacity is low. (-10% MP)
                  | [potion of mutation]
  7207 | D:7      | Gained mutation: You passively map a small area around you.
                  | [potion of mutation]
  7207 | D:7      | Gained mutation: You have hidden genetic defects. [potion
                  | of mutation]
  7208 | D:7      | Lost mutation: You have sharp toenails. [potion of
                  | mutation]
  7208 | D:7      | Lost mutation: You are strong-willed. (Will+) [potion of
                  | mutation]
  7208 | D:7      | Lost mutation: Your magical capacity is low. (-10% MP)
                  | [potion of mutation]
  7208 | D:7      | Gained mutation: Your magical capacity is low. (-10% MP)
                  | [potion of mutation]
  7208 | D:7      | Gained mutation: Armour fits poorly on your strangely
                  | shaped body. [potion of mutation]
  7208 | D:7      | Gained mutation: You are weak. (Str -2) [potion of
                  | mutation]
  7413 | D:8      | Noticed a komodo dragon
  7489 | D:8      | Reached skill level 1 in Fighting
  7495 | D:8      | Noticed a komodo dragon
  7547 | D:8      | Killed a komodo dragon
  7548 | D:8      | Reached skill level 11 in Stealth
  7562 | D:8      | Killed a komodo dragon
  7572 | D:8      | Gained mutation: You sometimes lose the ability to read
                  | scrolls when taking damage. [hidden defects]
  7640 | D:8      | Reached ** piety under Dithmenos
  7688 | D:8      | Reached skill level 10 in Hexes
  7729 | D:8      | Gained mutation: Your magical capacity is very low. (-20%
                  | MP) [hidden defects]
  7729 | D:8      | Lost mutation: You have hidden genetic defects. [hidden
                  | defects expressed]
  8074 | D:8      | Reached skill level 5 in Dodging
  8085 | D:8      | Reached XP level 10. HP: 47/47 MP: 11/20
  8203 | D:8      | Found a staircase to the Lair.
  8524 | D:8      | Reached skill level 10 in Spellcasting
  8552 | D:8      | Lost mutation: Armour fits poorly on your strangely shaped
                  | body. [potion of mutation]
  8552 | D:8      | Lost mutation: Your magical capacity is very low. (-20% MP)
                  | [potion of mutation]
  8552 | D:8      | Gained mutation: You are somewhat resistant to further
                  | mutation. [potion of mutation]
  8552 | D:8      | Gained mutation: Potions are less effective at restoring
                  | your health. [potion of mutation]
  8693 | D:9      | Noticed a cyclops
  8733 | D:9      | Reached skill level 12 in Stealth
  8775 | D:9      | Killed a cyclops
  9209 | D:10     | Entered Level 10 of the Dungeon
  9217 | D:10     | Found a runed translucent door.
  9224 | D:10     | Noticed haldagan's ghost (journeyman DEAM)
  9256 | D:10     | Killed haldagan's ghost
  9303 | D:10     | Reached *** piety under Dithmenos
  9456 | D:10     | Reached skill level 5 in Short Blades
  9868 | D:11     | Found a runed translucent gate.
  9868 | D:11     | Found a runed translucent gate.
  9869 | D:11     | Found a runed translucent gate.
  9873 | D:11     | Noticed Heedrag's ghost (journeyman DsCj)
  9893 | D:11     | Found an iron altar of Okawaru.
 10006 | D:10     | Found a snail-covered altar of Cheibriados.
 10083 | D:11     | Noticed a two-headed ogre
 10085 | D:11     | Noticed a two-headed ogre
 10090 | D:11     | Killed a two-headed ogre
 10091 | D:11     | Reached skill level 13 in Stealth
 10091 | D:11     | Reached XP level 11. HP: 53/53 MP: 24/24
 10107 | D:11     | Killed a two-headed ogre
 10123 | D:11     | Noticed an orc knight
 10150 | D:11     | Killed an orc knight
 10337 | D:11     | Found a staircase to the Orcish Mines.
 11008 | D:12     | Reached **** piety under Dithmenos
 11023 | D:12     | Noticed a two-headed ogre
 11041 | D:12     | Killed a two-headed ogre
 11066 | D:12     | Noticed Psyche
 11072 | D:12     | Killed Psyche
 11110 | D:12     | Noticed Maurice
 11118 | D:12     | Killed Maurice
 11184 | D:12     | Noticed a two-headed ogre
 11191 | D:12     | Killed a two-headed ogre
 11192 | D:12     | Reached skill level 5 in Fighting
 11261 | D:12     | Reached skill level 14 in Stealth
 11262 | D:12     | Noticed Jorgrun
 11288 | D:12     | Mangled by Jorgrun

Illustrated notes

Levels and vault maps discovered:
D:1:      psy_arrival_dodecagon, layout_rooms, serial_shops, nicolae_shop_trees,
          serial_bayou_pond_e
D:2:      cheibrodos_pilgrimage, layout_basic, chequers_arboretum,
          minmay_hedge_maze, uniq_natasha
D:3:      layout_loops_corners, serial_shops, shop,
          nicolae_shop_advertising_works [nicolae_subvault_shop_adworks],
          nicolae_shop_behind_doors, nicolae_shop_overgrown_old_shop,
          uniq_crazy_yiuf_cottage, uniq_grinder, uniq_ijyb
D:4:      layout_basic, mainiacjoe_overflow_24_doors,
          minmay_temple_entry_arrows, serial_glass, glass_columns_b,
          glass_columns_a
D:5:      layout_cave_pools, fountainhead, minmay_misc_feat_nine_boxes,
          minmay_misc_feat_columns, eino_tiny_chamber
D:6:      layout_basic, lemuel_another_geyser
D:7:      layout_cave_pools
D:8:      layout_basic, due_lair_maze_entry_diamond, dk_noncrumbling_3,
          nicolae_lava_and_water
D:9:      layout_rooms
D:10:     layout_basic, nicolae_overflow_hidden_temple,
          ebering_ghost_reflecting_pool
D:11:     layout_roguey, david_orc_5, gammafunk_ghost_spectres,
          grunt_ministairs_14, okawaru_trees_1
D:12:     layout_roguey, grunt_decor_one_mirror, minmay_statues_item,
          uniq_maurice, uniq_jorgrun, uniq_psyche
Temple:   regret_index_temple_chain_breaker

Skill      XL: |  1  2  3  4  5  6  7  8  9 10 11 |
---------------+----------------------------------+-----
Spellcasting   | 3 4 5 6 7 9 10 11 | 11.5
Hexes          | 4 5 6 7 9 10 11 | 11.9
Stealth        | 5 6 8 10 11 13 14 | 14.0
Dodging        | 5 7 8 |  8.5
Fighting       | 2 4 5 |  5.0
Short Blades   | 3 5 6 |  6.8

Action                   |  1- 3 |  4- 6 |  7- 9 | 10-12 || total
-------------------------+-------+-------+-------+-------++-------
Melee: Dagger            |    75 |    87 |   242 |   186 ||   590
       Kick              |       |    12 |    48 |       ||    60
       Punch             |       |       |     3 |     2 ||     5
 Cast: Ensorcelled Hiber |    12 |    29 |    30 |    40 ||   111
       Confusing Touch   |     1 |     1 |     6 |     6 ||    14
       Tukima's Dance    |     1 |       |    16 |     9 ||    26
Evoke: Wand              |       |     4 |       |     8 ||    12
  Use: Scroll            |     6 |     7 |    12 |     5 ||    30
       Potion            |     1 |     3 |     3 |     3 ||    10
 Stab: Sleeping          |    15 |    18 |    37 |    47 ||   117
       Distracted        |       |       |     2 |       ||     2
       Confused          |       |       |     4 |     7 ||    11
       Invisible         |       |       |     2 |       ||     2
Armor: Robe              |     8 |     9 |    54 |    24 ||    95
Dodge: Dodged            |    66 |    63 |   228 |   156 ||   513

Table legend: (Time is in decaauts)
 A = Elapsed time spent in this place.
 B = Non-inter-level travel time spent in this place.
 C = Inter-level travel time spent in this place.
 D = Time resting spent in this place.
 E = Time spent auto-exploring this place.
 F = Levels seen in this place.
 G = Mean time per level.
                   A        B        C        D        E       F      G
               +--------+--------+--------+--------+--------+-----+--------+
         Total |   8463 |   8129 |    334 |    858 |   5478 |  13 |  651.0 |
       Dungeon |   8351 |   8026 |    325 |    858 |   5389 |  12 |  695.9 |
        Temple |    112 |    103 |      9 |      0 |     89 |   1 |  112.0 |
               +--------+--------+--------+--------+--------+-----+--------+

Top non-repeatable levels by time:
     D:2: 1248 daAuts
     D:3: 1171 daAuts
     D:1: 792 daAuts
     D:5: 772 daAuts
     D:8: 743 daAuts
    D:11: 666 daAuts
     D:7: 640 daAuts
     D:6: 616 daAuts
     D:4: 510 daAuts
    D:10: 454 daAuts
     D:9: 409 daAuts
    D:12: 326 daAuts
  Temple: 112 daAuts
